 Dungeon Sprint DCSS version 0.23.2-1-ga50397a (webtiles) character file.

Game seed: 13846100089251119498

57 doot the Sneak (level 4, -6/36 HPs)
             Began as a Naga Enchanter on Apr 24, 2019.
             Killed from afar by an oklob sapling priest (7 damage)
             ... with a splash of acid
             ... in the Dungeon (Sprint IV: "Fedhas' Mad Dash").
             The game lasted 00:01:01 (236 turns).

doot the Sneak (Naga Enchanter)                      Turns: 236, Time: 00:01:02

Health: -6/36      AC:  2    Str: 10    XL:     4   Next: 0%
Magic:  8/8        EV: 10    Int: 17    God:
Gold:   43         SH:  0    Dex: 11    Spells: 6/9 levels left

rFire    . . .     SeeInvis +   a - +1 dagger
rCold    . . .     Gourm    .   (no shield)
rNeg     . . .     Faith    .   b - +0 robe
rPois    +         Spirit   .   (no helmet)
rElec    .         Reflect  .   (no cloak)
rCorr    .         Harm     .   (no gloves)
MR       .....     NoTele   +   (no barding)
Stlth    ++++......             l - amulet of invisibility {+Inv}
HPRegen  0.12/turn              (no ring)
MPRegen  0.11/turn              (no ring)

@: short of breath, very slightly contaminated, very slow
A: large, see invisible, deformed body, poison resistance, slowness 2, slow
metabolism 1, spit poison 1, AC +1
a: Spit Poison, Evoke Invisibility


You were in the Dungeon.
You were not hungry.

You visited 1 branch You collected 43 gold pieces.

Inventory:

Hand Weapons
 a - a +1 dagger (weapon)
Armour
 b - a +0 robe (worn)
Jewellery
 l - the amulet of invisibility (around neck) {+Inv}
   (You found it in the Dungeon)

   [amulet of nothing]

   It lets you turn invisible.
Scrolls
 j - a scroll of blinking
 m - a scroll of identify {unknown}
Potions
 e - a potion of curing
 f - a potion of heal wounds
 g - a potion of haste
 h - 2 potions of magic
 i - a potion of berserk rage
 k - 2 potions of agility {unknown}
Comestibles
 c - a chunk of flesh
 d - a ration


   Skills:
 + Level 1.5 Short Blades
 + Level 2.3 Dodging
 + Level 7.9 Stealth
 + Level 3.3 Spellcasting
 + Level 5.5 Hexes


You had 6 spell levels left.
You knew the following spells:

 Your Spells              Type           Power        Failure   Level  Hunger
a - Corona                Hex            ###....      1%          1    None
b - Ensorcelled Hibernat  Hex/Ice        ##....       9%          2    ##.....

Your spell library contained the following spells:

 Spells                   Type           Power        Failure   Level  Hunger
 Confuse                  Hex            ###.....     5%          3    ###....
 Tukima's Dance           Hex            ###.....     5%          3    ###....
 Dazzling Spray           Conj/Hex       ##....       17%         3    ###....


Dungeon Overview and Level Annotations

Branches:
Dungeon (1/1)

Altars:
Cheibriados
Dithmenos
Elyvilon
Gozag
Hepliaklqana
Kikubaaqudgha
Makhleb
Nemelex Xobeh
Okawaru
Qazlal
Ru
Sif Muna
Trog
Uskayaw
Vehumet
Wu Jian
Xom
Yredelemnul
Zin
The Shining One
Beogh
Jiyva
Lugonu

Annotations:
D exclusion: oklob sapling


Innate Abilities, Weirdness & Mutations

You cannot wear boots.
Your serpentine skin is tough. (AC +1)
You have supernaturally acute eyesight. (SInv)
Armour fits poorly on your strangely shaped body.
Your system is resistant to poisons. (rPois)
You cover ground very slowly.
You have a slow metabolism.
You can spit poison.


Message History

The oklob sapling priest spits acid at you.
The splash of acid hits you!
* * * LOW HITPOINT WARNING * * *
You are splashed with acid!
* * * LOW HITPOINT WARNING * * *
Press: ? - help, Shift-Dir - straight line, f - oklob sapling priest
Aim: an oklob sapling priest (almost destroyed)
The splash of poison hits the oklob sapling priest.
The oklob sapling priest completely resists.
The oklob sapling priest is almost destroyed.
You feel slightly more hungry.
Unknown command.
Press < or > to pray at altars.
You hit the oklob sapling priest but do no damage.
The oklob sapling priest is almost destroyed.
You hit the oklob sapling priest but do no damage.
The oklob sapling priest is almost destroyed.
The oklob sapling priest spits acid at you.
The splash of acid hits you!
You die...

########################
....#.....#.⌠._._._._.⌠.
....'.#[..'.._._._._._..
....#.#...#..._.@P_._...
########+##.._._._._._..
#._._._._._.⌠.
##############


You could see an oklob sapling priest.

Vanquished Creatures
  An oklob sapling (D)
  A worker ant (D)
  A river rat (D)
  A rat (D)
4 creatures vanquished.

Notes
Turn   | Place    | Note
-------+----------+-------------------------------------------
     0 | D        | doot the Naga Enchanter began the quest for the Orb.
     0 | D        | Reached XP level 1. HP: 15/15 MP: 3/3
    15 | D        | Reached skill level 5 in Stealth
    15 | D        | Reached XP level 2. HP: 11/22 MP: 3/5
   172 | D        | Learned a level 2 spell: Ensorcelled Hibernation
   173 | D        | Noticed an oklob sapling
   174 | D        | Killed an oklob sapling
   174 | D        | Reached skill level 7 in Stealth
   174 | D        | Reached skill level 5 in Hexes
   174 | D        | Reached XP level 3. HP: 28/28 MP: 5/7
   195 | D        | Found the amulet of invisibility {+Inv}
   196 | D        | Reached XP level 4. HP: 36/36 MP: 8/8
   214 | D        | Found an opulent altar of Gozag.
   214 | D        | Found a hazy altar of Hepliaklqana.
   214 | D        | Found a burning altar of Makhleb.
   214 | D        | Found a roughly hewn altar of Beogh.
   214 | D        | Found a sparkling altar of Nemelex Xobeh.
   214 | D        | Found a snail-covered altar of Cheibriados.
   214 | D        | Found a sacrificial altar of Ru.
   214 | D        | Found a deep blue altar of Sif Muna.
   214 | D        | Found a shimmering altar of Xom.
   214 | D        | Found a basalt altar of Yredelemnul.
   218 | D        | Found a viscous altar of Jiyva.
   218 | D        | Found a bloodstained altar of Trog.
   218 | D        | Found an ornate altar of the Wu Jian Council.
   218 | D        | Noticed an oklob sapling priest
   219 | D        | Found an iron altar of Okawaru.
   219 | D        | Found a shadowy altar of Dithmenos.
   219 | D        | Found a glowing silver altar of Zin.
   220 | D        | Found an ancient bone altar of Kikubaaqudgha.
   220 | D        | Found a hide-covered altar of Uskayaw.
   221 | D        | Found a stormy altar of Qazlal.
   221 | D        | Found a white marble altar of Elyvilon.
   221 | D        | Found a glowing golden altar of the Shining One.
   222 | D        | Found a corrupted altar of Lugonu.
   222 | D        | Found a radiant altar of Vehumet.
   233 | D        | HP: 1/36 [acid (8)]
   236 | D        | Killed from afar by an oklob sapling priest

Skill      XL: |  1  2 |
---------------+-------+-----
Stealth        | 5 7 |  7.9
Hexes          | 4 5 |  5.5
Dodging        | 2 |  2.3
Spellcasting   | 3 |  3.3
Short Blades   | |  1.5

Action                   |  1- 3 |  4- 6 || total
-------------------------+-------+-------++-------
Melee: Dagger            |    13 |    11 ||    24
 Cast: Corona            |     2 |       ||     2
 Abil: Spit Poison       |       |     1 ||     1
       Evoke Invisibilit |       |     1 ||     1
 Stab: Sleeping          |     2 |       ||     2
       Invisible         |       |     1 ||     1
Armor: Robe              |     3 |       ||     3
Dodge: Dodged            |     6 |       ||     6
